 Dungeon Crawl Stone Soup version 0.29-a0-495-g17b79114eb (webtiles) character file.

Game seed: 2618838078920907565

10724 croobank the Covert (level 11, -1/74 HPs)
             Began as an Octopode Hedge Wizard on May 27, 2022.
             Was an Initiate of Gozag.
             Slain by an eight-headed hydra (8 damage)
             ... on level 2 of the Lair of Beasts.
             The game lasted 00:47:31 (10867 turns).

croobank the Covert (Octopode Hedge Wizard)        Turns: 10867, Time: 00:47:43

Health: -1/74      AC:  2    Str: 12    XL:     11   Next: 66%
Magic:  10/21      EV: 15    Int: 32    God:    Gozag
Gold:   1227       SH:  0    Dex: 12    Spells: 9/23 levels left

rFire   . . .      SeeInvis .   R - +2 hand axe (flame)
rCold   . . .      Faith    .   (no shield)
rNeg    + . .      Spirit   .   y - +1 hat of Bamelunn {Regen+ Str+2}
rPois   .          Reflect  .   A - amulet of regeneration
rElec   .          Harm     .   g - +6 ring of intelligence
rCorr   .          Rampage  .   D - ring of positive energy
Will    .....                   O - +6 ring of intelligence
Stlth   +++++.....              (no ring)
HPRegen 1.82/turn               (no ring)
MPRegen 0.17/turn               (no ring)
                                (no ring)
                                (no ring)

@: mighty
A: almost no armour, amphibious, 8 rings, camouflage 1, gelatinous body 1,
(nimble swimmer 1), tentacles
a: Renounce Religion, Potion Petition, Call Merchant, Bribe Branch


You were on level 2 of the Lair of Beasts.
You worshipped Gozag.
Gozag was most pleased with you.
You visited 3 branches of the dungeon, and saw 12 of its levels.

You collected 1387 gold pieces.
You spent 26 gold pieces at shops.
You paid 134 gold pieces to Gozag.

Inventory:

Hand Weapons
 b - a +3 hunting sling
 f - a +0 falchion
 n - a +5 spectral hand axe
 r - a +0 quarterstaff
 u - a +0 vorpal falchion
 G - a +0 scythe
 K - a +0 hand crossbow
 M - a +1 flail of protection
 Q - a +1 spear of freezing
 R - a +2 hand axe of flaming (weapon)
Missiles
 c - a throwing net
 e - 444 stones
 x - 33 poisoned darts
 H - a curare-tipped dart
Armour
 y - the +1 hat of Bamelunn (worn) {Regen+ Str+2}
   (You acquired it on level 8 of the Dungeon)

   Str:       It affects your strength (+2).
   Regen:     It increases your rate of health regeneration.
 E - a +1 hat of willpower
 F - a +0 buckler
Jewellery
 g - a +6 ring of intelligence (left tentacle)
 k - an amulet of reflection
 A - an amulet of regeneration (around mantle)
 D - a ring of positive energy (right tentacle)
 O - a +6 ring of intelligence (on tentacle)
Wands
 p - a wand of polymorph (8)
 q - a wand of digging (3)
 s - a wand of flame (29)
 N - a wand of acid (10)
 U - a wand of charming (7)
Scrolls
 d - a scroll of fear
 h - 5 scrolls of identify
 i - 2 scrolls of amnesia
 l - 2 scrolls of magic mapping
 t - a scroll of fog
 v - a scroll of vulnerability {unknown}
 I - 2 scrolls of poison
 S - a scroll of torment {unknown}
 T - a scroll of immolation
 V - a scroll of noise {unknown}
Potions
 a - a potion of invisibility {unknown}
 j - a potion of might
 o - 2 potions of attraction
 w - 2 potions of mutation
 z - 5 potions of curing
 B - a potion of resistance
 C - 5 potions of brilliance
 J - a potion of flight {unknown}
 L - a potion of lignification {unknown}
 P - a potion of ambrosia {unknown}


   Skills:
 + Level 6.4 Fighting
 + Level 6.5 Dodging
 + Level 9.5 Stealth
 + Level 6.7 Spellcasting
 + Level 6.3 Conjurations
 + Level 6.4 Summonings
 + Level 6.5 Translocations
 + Level 7.4 Poison Magic


You had 9 spell levels left.
You knew the following spells:

 Your Spells              Type           Power      Damage    Failure   Level
a - Magic Dart            Conj           100%       1d8       1%          1
b - Blink                 Tloc           100%       N/A       1%          2
c - Mephitic Cloud        Conj/Pois/Air  40%        N/A       1%          3
d - Sticky Flame          Conj/Fire      31%        2d5       12%         4
e - Slow                  Hex            40%        N/A       4%          1
f - Ignite Poison         Fire/Tmut/Pois 26%        N/A       4%          3

Your spell library contained the following spells:

 Spells                   Type           Power      Damage    Failure   Level
 Call Imp                 Summ           51%        N/A       1%          2
 Conjure Flame            Conj/Fire      31%        6-21      3%          3
 Summon Guardian Golem    Hex/Summ       31%        N/A       3%          3
 Orb of Destruction       Conj           25%        9d9       95%         7
 Spellforged Servitor     Conj/Summ      25%        N/A       95%         7


Dungeon Overview and Level Annotations

Branches:
Dungeon (9/15)             Temple (1/1) D:7            Lair (2/6) D:8
 Shoals (0/4) Lair:2
  Snake: Lair:2-4    Spider: Lair:2-4       Orc: D:9-12

Altars:
Dithmenos
Elyvilon
Fedhas
Gozag
Hepliaklqana
Kikubaaqudgha
Makhleb
Nemelex Xobeh
Okawaru
Qazlal
Ru
Sif Muna
Trog
Uskayaw
Vehumet
Wu Jian
Xom
Yredelemnul
Zin
The Shining One

Shops:
D:2 ?[[*(   D:9 *

Annotations:
D:6 1 runed translucent door


Innate Abilities, Weirdness & Mutations

You cannot wear most types of armour.
You are amphibious.
You can wear up to eight rings at the same time.
Your skin changes colour to match your surroundings (Stealth+).
Your rubbery body absorbs attacks. (AC +1, EV +1)
((You are camouflaged when in or above water. (Stealth+)))
You have tentacles for arms and can constrict up to eight enemies at once.


Message History

Confirm with . or Enter, or press ? or * to list all spells.
Aiming: Slow (safe; 4% risk of failure)
Press: ? - help, Shift-Dir - straight line, f - eight-headed hydra
Aim: an eight-headed hydra (flame, moderately wounded, chance to affect: 17%)
Okay, then.
Unknown command.
Casting: Slow (safe; 4% risk of failure)
Confirm with . or Enter, or press ? or * to list all spells.
Okay, then.
b - a +3 hunting sling (weapon)
The eight-headed hydra is engulfed in blazing flames.
You feel very mighty all of a sudden.
The eight-headed hydra is engulfed in blazing flames.
Your +2 hand axe of flaming bursts into flame!
R - a +2 hand axe of flaming (weapon)
You completely miss the eight-headed hydra.
The eight-headed hydra is severely wounded.
You slash the plant!
The plant begins to die.
You burn the plant. The eight-headed hydra bites you!
The eight-headed hydra closely misses you.
The eight-headed hydra bites you. x2
The eight-headed hydra closely misses you.
The eight-headed hydra bites you!
The eight-headed hydra barely misses you.
The eight-headed hydra bites you. The eight-headed hydra bites you!
The eight-headed hydra closely misses you.
The eight-headed hydra bites you but does no damage.
The eight-headed hydra closely misses you.
The eight-headed hydra bites you!
* * * LOW HITPOINT WARNING * * *
The eight-headed hydra barely misses you. x2
The eight-headed hydra closely misses you.
You barely miss the eight-headed hydra. You squeeze the eight-headed hydra!
The eight-headed hydra is almost dead.
You slash the plant! You burn the plant. The eight-headed hydra misses you.
The eight-headed hydra bites you!
* * * LOW HITPOINT WARNING * * *
The eight-headed hydra bites you!
You die...
Your body crumbles into a pile of gold.

###..## #...## ##.##
###.# #...# . ##.##
... #####...###
./...#.#.....#.#
.......D@.#...##
........P.#....###
....°.######.#..P###
.....# ###...#.#
#.!#. ###...# .. #
##..## # ##..##
#...# #####


You could see an eight-headed hydra.

Vanquished Creatures
  Gastronok (Lair:2)
  Harold (Lair:2)
  The ghost of oldark the Twirler, a novice DrCj of Ashenzari (D:6)
  Maggie (D:8)
  A cane toad (Lair:2)
  2 komodo dragons (Lair:1)
  Sigmund (D:6)
  19 yaks
  A wraith (D:9)
  2 steam dragons
  5 water moccasins
  A sky beast (D:7)
  2 orc warriors
  Duvessa (D:5)
  5 black bears
  An ogre (D:5)
  2 centaurs (D:9)
  A phantom (D:5)
  3 kobold brigands
  A gnoll sergeant (D:6)
  14 bullfrogs
  3 necrophages
  2 scorpions
  Dowan (D:5)
  5 killer bees (D:8)
  A howler monkey (D:5)
  4 orc priests
  A jelly (D:8)
  7 hounds
  2 iguanas
  Ijyb (D:5)
  3 orc wizards
  6 gnolls
  5 adders
  3 shadow imps
  An ufetubus (D:6)
  A worm (D:3)
  3 dart slugs
  14 orcs
  5 endoplasms
  5 giant cockroaches
  3 goblins
  4 hobgoblins
  13 kobolds
  A quokka (D:4)
  9 ball pythons
  3 bats
  A frilled lizard (D:1)
  2 rats
175 creatures vanquished.

Vanquished Creatures (collateral kills)
  A killer bee (D:8)
  An orc (D:5)
2 creatures vanquished.

Vanquished Creatures (others)
  20 fungi
  18 plants
38 creatures vanquished.

Grand Total: 215 creatures vanquished

Notes
Turn   | Place    | Note
-------+----------+-------------------------------------------
     0 | D:1      | croobank the Octopode Hedge Wizard began the quest for the
                  | Orb.
     0 | D:1      | Reached XP level 1. HP: 11/11 MP: 4/4
   275 | D:1      | Reached XP level 2. HP: 17/17 MP: 6/6
   285 | D:1      | Reached skill level 3 in Stealth
   716 | D:1      | You fall into a shaft and drop 1 floor!
   822 | D:1      | Learned a level 2 spell: Blink
   871 | D:1      | Reached XP level 3. HP: 9/22 MP: 0/7
   937 | D:1      | Learned a level 3 spell: Mephitic Cloud
  1301 | D:2      | Found Qasaar's Antique Weapon Shoppe.
  1305 | D:2      | Found Ugyciow's Assorted Antiques.
  1621 | D:2      | Found Olejutogru's Antique Armour Boutique.
  1697 | D:2      | Found a faded altar of an unknown god.
  1740 | D:2      | Found Kinahon's Armour Shoppe.
  1896 | D:2      | Found Xorug's Magic Scroll Shop.
  1903 | D:2      | Bought a scroll of identify for 26 gold pieces
  2209 | D:3      | Reached XP level 4. HP: 26/27 MP: 8/8
  2639 | D:3      | Reached skill level 1 in Fighting
  3096 | D:4      | Reached skill level 1 in Poison Magic
  3096 | D:4      | Reached XP level 5. HP: 23/33 MP: 7/9
  3415 | D:4      | Reached skill level 4 in Stealth
  3553 | D:4      | Reached XP level 6. HP: 38/39 MP: 11/11
  3894 | D:5      | Entered Level 5 of the Dungeon
  4085 | D:5      | Noticed Ijyb
  4093 | D:5      | Killed Ijyb
  4116 | D:5      | Found an ornate altar of the Wu Jian Council.
  4131 | D:5      | Noticed Duvessa
  4134 | D:5      | Noticed Dowan
  4139 | D:5      | Killed Duvessa
  4140 | D:5      | Reached XP level 7. HP: 31/45 MP: 7/12
  4142 | D:5      | Killed Dowan
  4238 | D:5      | Reached skill level 5 in Stealth
  4399 | D:5      | Reached XP level 8. HP: 25/51 MP: 14/14
  4764 | D:6      | Found a runed translucent door.
  4787 | D:6      | Noticed oldark's ghost (novice DrCj)
  4821 | D:6      | Found a runed translucent door.
  4836 | D:6      | Noticed Sigmund
  4856 | D:6      | Killed Sigmund
  5797 | D:6      | Killed oldark's ghost
  5798 | D:6      | Reached skill level 6 in Stealth
  5798 | D:6      | Reached XP level 9. HP: 37/58 MP: 8/16
  5855 | D:6      | Learned a level 4 spell: Sticky Flame
  5952 | D:7      | Found a staircase to the Ecumenical Temple.
  5994 | Temple   | Entered the Ecumenical Temple
  6176 | Temple   | Became a worshipper of Gozag Ym Sagoz the Greedy
  6425 | D:7      | Reached skill level 5 in Spellcasting
  6917 | D:7      | Reached skill level 7 in Stealth
  6917 | D:7      | Reached skill level 5 in Poison Magic
  7321 | D:8      | Found a staircase to the Lair.
  7370 | D:7      | Reached skill level 5 in Dodging
  7469 | D:8      | Reached XP level 10. HP: 48/65 MP: 16/18
  7485 | D:8      | Reached skill level 5 in Summonings
  7497 | D:8      | Reached skill level 5 in Translocations
  7696 | D:8      | Reached skill level 5 in Fighting
  7696 | D:8      | Reached skill level 5 in Conjurations
  7762 | D:8      | Identified a scroll of acquirement
  7762 | D:8      | Acquired the +1 hat of Bamelunn {Regen+ Str+2}
  7817 | D:8      | Noticed Maggie
  7827 | D:8      | Killed Maggie
  7846 | D:8      | Reached skill level 8 in Stealth
  8530 | D:9      | Found Ziaf Eji's Demolitions Depot.
  8758 | D:9      | Reached XP level 11. HP: 72/72 MP: 14/20
  9351 | Lair:1   | Entered Level 1 of the Lair of Beasts
  9461 | Lair:1   | Reached skill level 9 in Stealth
  9646 | Lair:1   | Learned a level 1 spell: Slow
  9700 | Lair:1   | Identified the -1 helmet "Hebeenna" {Harm}
 10204 | Lair:2   | Noticed Gastronok
 10221 | Lair:2   | HP: 2/72 [Gastronok/the air (25)]
 10233 | Lair:2   | Killed Gastronok
 10310 | Lair:2   | Found a staircase to the Shoals.
 10373 | Lair:2   | Noticed Harold
 10379 | Lair:2   | Learned a level 3 spell: Ignite Poison
 10406 | Lair:2   | Killed Harold
 10857 | Lair:2   | Noticed an eight-headed hydra
 10867 | Lair:2   | Slain by an eight-headed hydra

Illustrated notes

Levels and vault maps discovered:
D:1:      elethiomel_arrival_quiet, layout_basic, minmay_shallow_snake_nest
D:2:      layout_basic, serial_shops, nicolae_diamond_shop,
          nicolae_shop_statue_plus, nicolae_square_shop,
          nicolae_shop_statue_plus, nicolae_shop_trees,
          shapermc_ecumenical_altar_hornbeckon
D:3:      layout_basic, kennysheep_generic_room_14
D:4:      layout_gridville
D:5:      layout_basic, general_overflow_altar, uniq_ijyb, uniq_duvessa
D:6:      layout_gridville, ebering_ghost_sewer_f, uniq_sigmund
D:7:      layout_cave_pods, minmay_temple_entry_waves,
          hangedman_abyss_or_decor_lesser_grid
D:8:      layout_cave_pods, due_lair_maze_entry_diamond, enter_bailey_2,
          uniq_maggie
D:9:      layout_irregular_city, hangedman_abyss_or_decor_stabs,
          nicolae_blasting_shop
Temple:   mainiacjoe_temple_cubbyholes
Lair:1:   layout_chaotic_city, grunt_megastairs_4, infiniplex_staircase_pool,
          serial_bayou_shore_a, lemuel_fruit_tree
Lair:2:   layout_cave_pods, elwin_shoals_entry_rocks, uniq_sonja, uniq_harold,
          uniq_gastronok

Skill      XL: |  1  2  3  4  5  6  7  8  9 10 11 |
---------------+----------------------------------+-----
Stealth        | 3 4 5 6 7 8 9 |  9.5
Fighting       | 1 2 3 4 5 6 |  6.4
Summonings     | 2 3 4 5 6 |  6.4
Poison Magic   | 1 2 3 4 5 6 7 |  7.4
Conjurations   | 2 3 4 5 6 |  6.3
Translocations | 2 3 4 5 6 |  6.5
Dodging        | 3 4 5 6 |  6.5
Spellcasting   | 4 5 6 |  6.7

Action                   |  1- 3 |  4- 6 |  7- 9 | 10-12 || total
-------------------------+-------+-------+-------+-------++-------
Melee: Falchion          |    22 |       |       |       ||    22
       Constrict         |     8 |    13 |    31 |    19 ||    71
       Tentacles         |     6 |    14 |    27 |    47 ||    94
       Hand axe          |    12 |    51 |   108 |   124 ||   295
       Punch             |       |       |     2 |     1 ||     3
 Cast: Magic Dart        |    38 |    13 |     5 |     4 ||    60
       Mephitic Cloud    |       |     2 |    32 |    43 ||    77
       Blink             |       |     1 |       |     1 ||     2
       Ignite Poison     |       |       |       |    10 ||    10
       Sticky Flame      |       |       |       |     2 ||     2
  Use: Scroll            |     3 |     9 |     5 |     6 ||    23
       Potion            |       |     1 |     3 |     3 ||     7
 Stab: Sleeping          |     4 |     4 |     1 |     2 ||    11
       Confused          |       |       |     7 |    11 ||    18
       Distracted        |       |       |     1 |     1 ||     2
Armor: Skin              |     1 |     5 |     6 |     6 ||    18
Dodge: Dodged            |    24 |    34 |    68 |    68 ||   194

Table legend: (Time is in decaauts)
 A = Elapsed time spent in this place.
 B = Non-inter-level travel time spent in this place.
 C = Inter-level travel time spent in this place.
 D = Time resting spent in this place.
 E = Time spent auto-exploring this place.
 F = Levels seen in this place.
 G = Mean time per level.
                   A        B        C        D        E       F      G
               +--------+--------+--------+--------+--------+-----+--------+
         Total |  11018 |  10416 |    602 |    885 |   7551 |  12 |  918.2 |
       Dungeon |   9121 |   8585 |    536 |    489 |   6492 |   9 | 1013.4 |
        Temple |    317 |    273 |     44 |      0 |    266 |   1 |  317.0 |
          Lair |   1579 |   1557 |     22 |    396 |    793 |   2 |  789.5 |
               +--------+--------+--------+--------+--------+-----+--------+

Top non-repeatable levels by time:
     D:7: 1276 daAuts
     D:1: 1270 daAuts
     D:6: 1223 daAuts
     D:4: 1003 daAuts
     D:8: 960 daAuts
     D:2: 941 daAuts
     D:5: 873 daAuts
  Lair:1: 860 daAuts
     D:3: 803 daAuts
     D:9: 768 daAuts
  Lair:2: 719 daAuts
  Temple: 317 daAuts
